 Dungeon Crawl Stone Soup version 0.30-a0-782-ge64f9170bb (webtiles) character file.

Game seed: 18100748982465532563

21139 Leeroy the Carver (level 12, -10/60 HPs)
             Began as a Vine Stalker Warper on Feb 19, 2023.
             Was a High Priest of Jiyva.
             Mangled by Urug
             ... wielding a +1 antimagic battleaxe
              (28 damage)
             ... on level 1 of the Lair of Beasts.
             The game lasted 00:21:36 (9792 turns).

Leeroy the Carver (Vine Stalker Warper)             Turns: 9792, Time: 00:21:37

Health: -10/60     AC:  6    Str: 15    XL:     12   Next: 86%
Magic:  0/26       EV: 17    Int: 13    God:    Jiyva [*****.]
Gold:   614        SH:  5    Dex: 18    Spells: 20/29 levels left

rFire   + . .      SeeInvis .    I - +11 Singing Sword {sonic wave}
rCold   x . .      Faith    .    (no shield)
rNeg    . . .      Spirit   +    m - +0 steam dragon scales
rPois   +          Reflect  +    (helmet unavailable)
rElec   .          Harm     .    (no cloak)
rCorr   +          Rampage  .    y - +0 pair of gloves
Will    +....                    (no boots)
Stlth   ++                       S - amulet of reflection
HPRegen 2.54/turn                L - ring of wizardry
MPRegen 0.65/turn                K - ring of fire

@: no status effects
A: fangs 3, regeneration 1, magic shield, antimagic bite, no potion heal 2,
horns 3, poison resistance, wild magic 3, eyeballs 1
a: Renounce Religion, Oozemancy, Slimify


You were on level 1 of the Lair of Beasts.
You worshipped Jiyva.
Jiyva was extremely pleased with you.
You visited 2 branches of the dungeon, and saw 14 of its levels.
You also visited: Sewer and Bailey.

You collected 614 gold pieces.

Inventory:

Hand Weapons
 a - a +0 falchion
 n - a +0 great sword
 I - the +11 Singing Sword (weapon) {sonic wave}
   (You found it on level 6 of the Dungeon)
 Q - a +4 long sword
Missiles
 d - 7 boomerangs of dispersal
 p - 3 boomerangs
 w - 6 javelins
 A - 2 curare-tipped darts (quivered)
Armour
 m - +0 steam dragon scales (worn)
 y - a +0 pair of gloves (worn)
 O - a +2 robe
 P - quicksilver dragon scales
Magical Staves
 b - a staff of fire
 q - a staff of cold
 u - a staff of death
Jewellery
 o - a ring of resist corrosion
 K - a ring of fire (right hand)
 L - a ring of wizardry (left hand)
 S - an amulet of reflection (around neck)
Wands
 F - a wand of quicksilver (18)
 H - a wand of polymorph (11)
 T - a wand of paralysis (4)
Scrolls
 c - 2 scrolls of blinking
 f - 2 scrolls of vulnerability
 g - a scroll of silence
 s - 5 scrolls of amnesia
 t - 2 scrolls of poison
 v - 5 scrolls of enchant weapon
 z - 2 scrolls of brand weapon
 C - a scroll of teleportation
 D - a scroll of fear
 U - a scroll of noise
Potions
 e - 2 potions of brilliance
 h - 4 potions of invisibility
 i - a potion of lignification
 j - a potion of degeneration {unknown}
 k - 3 potions of might
 l - 5 potions of curing {unknown}
 r - 5 potions of mutation
 x - 3 potions of heal wounds {unknown}
 B - 3 potions of haste {unknown}
 E - a potion of resistance {unknown}
 G - a potion of flight {unknown}
 J - 2 potions of cancellation {unknown}
 M - a potion of magic {unknown}
 N - a potion of experience {unknown}
 R - a potion of attraction {unknown}


   Skills:
 - Level 5.3 Fighting
 + Level 14.1 Long Blades
 - Level 0.8 Throwing
 - Level 0.7 Armour
 - Level 8.7 Dodging
 - Level 9.1 Spellcasting
 - Level 3.0 Translocations


You had 20 spell levels left.
You knew the following spells:

 Your Spells              Type           Power      Damage    Failure   Level
a - Blink                 Tloc           52%        N/A       8%          2
b - Vhi's Electric Charg  Tloc/Air       36%        N/A       21%         3
c - Manifold Assault      Tloc           26%        N/A       30%         4

Your spell library contained the following spells:

 Spells                   Type           Power      Damage    Failure   Level
 Lesser Beckoning         Tloc           52%        N/A       8%          2
 Momentum Strike          Conj/Tloc      36%        3d9       12%         2
 Teleport Other           Tloc           26%        N/A       12%         3
 Sandblast                Erth           22%        2d7       13%         1
 Passwall                 Tmut/Erth      9%         N/A       19%         2
 Stone Arrow              Conj/Erth      22%        3d8       32%         3
 Summon Guardian Golem    Hex/Summ       11%        N/A       32%         3
 Summon Lightning Spire   Summ/Air       11%        N/A       63%         4
 Arcjolt                  Conj/Air       5%         1d15      89%         5
 Dispersal                Tloc           13%        N/A       96%         6
 Orb of Destruction       Conj           5%         9d5       100%        7
 Spellforged Servitor     Conj/Summ      5%         N/A       100%        7
 Disjunction              Tloc           13%        N/A       100%        8
 Maxwell's Capacitive Co  Air            5%         ∞         100%        8
 Chain Lightning          Conj/Air       5%         3d7       100%        9


Dungeon Overview and Level Annotations

Branches:
Dungeon (13/15)              Lair (1/5) D:8             Orc (0/2) D:9
  Sewer (visited)          Bailey (visited)
 Temple: D:4-7       Vaults: D:13-14

Altars:
Gozag
Kikubaaqudgha
Nemelex Xobeh
Ru
Xom
Yredelemnul

Annotations:
D:5 Pikel
D:9 2 runed translucent doors
Lair:1 Urug


Innate Abilities, Weirdness & Mutations

You have razor-sharp teeth.
Your natural rate of healing is unusually fast.
When hurt, damage is shared between your health and your magic reserves.
Your bite disrupts and absorbs the magic of your enemies.
Potions cannot restore your health.
You have a pair of large horns on your head.
Your system is resistant to poisons. (rPois)
Your spells are much harder to cast, but much more powerful.
Your body has grown eyes which may confuse attackers. (Acc +3)


Message History

You closely miss Urug. Your bite misses Urug. Urug misses you.
You closely miss Urug. Your headbutt misses Urug. You bite Urug!
You drain her power.
You feel invigorated.
Urug is lightly wounded.
The blink frog misses you.
The blink frog blinks!
Urug closely misses you.
You slash Urug! Your headbutt misses Urug. You bite Urug. You drain her power.
Urug is heavily wounded.
The blink frog closely misses you.
The blink frog blinks!
The blink frog hits you!
The blink frog blinks!
You slash Urug!
The Screaming Sword shouts, "BLOOD!
BLOOD!
BLOOD MUST GUSH FROM EVERY FOE!"
You send a blast of sound all around you.
Urug is almost dead.
The blink frog is heavily wounded.
The blink frog is almost dead.
The blink frog is severely wounded. x2
You headbutt Urug.
Urug is almost dead.
The blink frog hits you!
Urug hits you with a +1 antimagic battleaxe!!
* * * LOW HITPOINT WARNING * * *
You feel your power leaking away.
You closely miss Urug.
Urug is almost dead.
The blink frog barely misses you. Urug barely misses you.
The blink frog hits you.
* * * LOW HITPOINT WARNING * * *
The blink frog blinks!
You slash the blink frog!
The Singing Sword moans, "By Jiyva, you are such a craven."
You send a blast of sound all around you.
Urug is almost dead.
You kill the blink frog!
The blink frog is severely wounded.
You kill the blink frog! x2
Urug closely misses you.
You slice the blink frog!!
You kill the blink frog!
Urug hits you with a +1 antimagic battleaxe!!
You die...

#.......††. ###
#.........
####.####.......<
##.......#...#....
###............†##..
##............#..###.
####!...............#
##
#...................# #
#.[?..†@.............#
[.......o............#
.....†................#
....................P.#
......................
...............
#........).....
##.............


You could see Urug.

Vanquished Creatures
  A boulder beetle (D:12)
  3 centaur warriors
  A two-headed ogre (D:10)
  A fire crab (D:8)
  A wolf spider (D:13)
  A manticore (D:13)
  An orc sorcerer (D:13)
  3 ugly things
  A black mamba (Lair:1)
  4 cyclopes
  6 elephants (Lair:1)
  3 gargoyles
  Psyche (D:12)
  2 komodo dragons
  A tengu conjurer (D:13)
  2 hornets
  4 blink frogs (Lair:1)
  2 shadows
  4 vampires
  2 wraiths
  2 wyverns
  14 yaks
  2 basilisks
  2 vampire mosquitoes
  4 steam dragons
  2 acid dragons (D:13)
  2 water moccasins
  3 orc warriors
  3 ice beasts
  A sky beast (D:6)
  2 black bears
  4 wolves (Lair:1)
  4 centaurs
  A phantom (D:6)
  5 bullfrogs
  4 scorpions
  A kobold brigand (D:8)
  5 wights (D:8)
  7 vampire bats (Bailey)
  4 wolf zombies (Bailey)
  3 howler monkeys (D:8)
  A jelly (Sewer)
  2 hounds
  Terence (D:3)
  2 iguanas
  3 orc wizards
  3 adders
  3 gnolls (D:7)
  3 river rats (Sewer)
  2 shadow imps
  2 worms (D:2)
  3 dart slugs
  20 orcs
  5 bats
  14 endoplasms
  7 giant cockroaches
  10 goblins
  9 hobgoblins
  2 quokkas
  7 ball pythons
  8 frilled lizards
  4 kobolds (D:1)
  17 orc zombies (Bailey)
  11 rats
  A bush (Lair:1)
259 creatures vanquished.

Vanquished Creatures (collateral kills)
  A centaur warrior (D:13)
  A cyclops (D:12)
2 creatures vanquished.

Vanquished Creatures (others)
  A great orb of eyes (D:13)
  A glowing orange brain (shapeshifter) (D:13)
  A cyclops (D:13)
  4 slime creatures (D:13)
  A human (D:8)
  An ogre (shapeshifter) (D:13)
  A centaur (D:9)
  A phantom (D:6)
  A scorpion (D:6)
  A bullfrog (D:6)
  An orc priest (D:6)
  22 jellies
  An iguana (D:6)
  An orc zombie (Bailey)
  A shadow imp (D:6)
  A white imp (D:8)
  A ball python (D:2)
  A rat (Sewer)
  12 fungi
  8 plants (D:13)
62 creatures vanquished.

Grand Total: 323 creatures vanquished

Notes
Turn   | Place    | Note
-------+----------+-------------------------------------------
     0 | D:1      | Leeroy the Vine Stalker Warper began the quest for the Orb.
     0 | D:1      | Reached XP level 1. HP: 11/11 MP: 4/4
    28 | D:1      | Reached skill level 2 in Long Blades
   216 | D:1      | Reached XP level 2. HP: 13/15 MP: 6/6
   253 | D:1      | Found a faded altar of an unknown god.
   689 | D:1      | Reached skill level 3 in Long Blades
   756 | D:2      | Reached XP level 3. HP: 17/18 MP: 5/7
   843 | D:2      | Found a shimmering altar of Xom.
  1801 | D:2      | Learned a level 2 spell: Blink
  1805 | D:2      | Learned a level 3 spell: Vhi's Electric Charge
  1898 | D:3      | Gained mutation: Your natural rate of healing is unusually
                  | fast. [Vine Stalker growth]
  1898 | D:3      | Reached XP level 4. HP: 23/23 MP: 8/8
  1932 | D:3      | Reached skill level 4 in Long Blades
  2051 | D:3      | Noticed Terence
  2063 | D:3      | Killed Terence
  2276 | D:3      | Found a sparkling altar of Nemelex Xobeh.
  2405 | D:4      | You fall into a shaft and drop 1 floor!
  2405 | D:5      | Entered Level 5 of the Dungeon
  2624 | D:5      | Noticed a scorpion
  2636 | D:5      | Killed a scorpion
  2637 | D:5      | Reached skill level 5 in Long Blades
  2637 | D:5      | Reached XP level 5. HP: 21/26 MP: 5/9
  2778 | D:5      | Found a glowing drain.
  2795 | Sewer    | Entered a sewer
  3088 | Sewer    | Reached XP level 6. HP: 30/30 MP: 6/10
  3160 | Sewer    | Found a viscous altar of Jiyva.
  3172 | Sewer    | Became a worshipper of Jiyva Jigay the Shapeless
  3312 | D:5      | Noticed Pikel
  3504 | D:6      | Reached * piety under Jiyva
  3538 | D:6      | Reached skill level 6 in Long Blades
  3916 | D:6      | Noticed an ice beast
  3941 | D:6      | Reached XP level 7. HP: 20/34 MP: 5/11
  3948 | D:6      | Found the +11 Singing Sword {sonic wave}
  3961 | D:6      | Reached skill level 7 in Long Blades
  4371 | D:7      | Found an opulent altar of Gozag.
  4385 | D:7      | Gained mutation: You have razor-sharp teeth. [Vine Stalker
                  | growth]
  4385 | D:7      | Reached XP level 8. HP: 37/38 MP: 10/12
  4392 | D:7      | Reached skill level 5 in Dodging
  4533 | D:7      | Noticed a wyvern
  4763 | D:7      | Reached ** piety under Jiyva
  5058 | D:8      | Reached XP level 9. HP: 34/42 MP: 10/13
  5075 | D:8      | Noticed a hornet
  5079 | D:8      | Killed a hornet
  5263 | D:8      | Noticed a fire crab
  5266 | D:8      | Found a staircase to the Lair.
  5303 | D:8      | Found a blossoming altar of Fedhas.
  5305 | D:8      | Found a sparkling altar of Nemelex Xobeh.
  5305 | D:8      | Found a hide-covered altar of Uskayaw.
  5308 | D:8      | Found a sparkling altar of Nemelex Xobeh.
  5308 | D:8      | Found a sacrificial altar of Ru.
  5308 | D:8      | Found a shimmering altar of Xom.
  5429 | D:8      | Found a flagged portal.
  5434 | Bailey   | Entered a bailey
  5510 | Bailey   | Noticed a gargoyle
  5541 | Bailey   | Reached skill level 5 in Fighting
  5552 | Bailey   | Reached XP level 10. HP: 51/51 MP: 12/14
  5626 | Bailey   | Killed a gargoyle
  5700 | Bailey   | Got the Lectures on Forces and Companions
  6382 | D:8      | Killed a fire crab
  6383 | D:8      | Reached skill level 5 in Spellcasting
  6449 | D:8      | Reached *** piety under Jiyva
  6494 | D:8      | Found an ancient bone altar of Kikubaaqudgha.
  6728 | D:9      | Gained mutation: You have a pair of small horns on your
                  | head. [Jiyva's grace]
  6728 | D:9      | Gained mutation: You have a pair of horns on your head.
                  | [Jiyva's grace]
  6728 | D:9      | Gained mutation: You have a pair of large horns on your
                  | head. [Jiyva's grace]
  6728 | D:9      | Gained mutation: Your body has grown eyes which may confuse
                  | attackers. (Acc +3) [Jiyva's grace]
  6802 | D:9      | Noticed a centaur warrior
  6812 | D:9      | Killed a centaur warrior
  6848 | D:9      | Found a runed translucent door.
  6850 | D:9      | Found a runed translucent door.
  7197 | D:9      | Reached **** piety under Jiyva
  7241 | D:9      | Found a basalt altar of Yredelemnul.
  7452 | D:9      | Found a staircase to the Orcish Mines.
  7554 | D:10     | Entered Level 10 of the Dungeon
  7672 | D:10     | Learned a level 4 spell: Manifold Assault
  7785 | D:10     | Reached XP level 11. HP: 41/56 MP: 15/25
  7837 | D:10     | Noticed a two-headed ogre
  7922 | D:10     | Killed a two-headed ogre
  8075 | D:10     | Reached skill level 8 in Long Blades
  8366 | D:11     | Noticed a cyclops
  8515 | D:11     | Reached ***** piety under Jiyva
  8587 | D:11     | Noticed a cyclops
  8595 | D:11     | Killed a cyclops
  8674 | D:11     | Killed a cyclops
  8675 | D:11     | Reached skill level 9 in Long Blades
  8847 | D:12     | Noticed a cyclops
  8856 | D:12     | Killed a cyclops
  8947 | D:12     | Gained mutation: Your spells are a little harder to cast,
                  | but a little more powerful. [Jiyva's grace]
  8947 | D:12     | Gained mutation: Your spells are harder to cast, but more
                  | powerful. [Jiyva's grace]
  8947 | D:12     | Gained mutation: Your spells are much harder to cast, but
                  | much more powerful. [Jiyva's grace]
  8947 | D:12     | Gained mutation: Your system is resistant to poisons.
                  | (rPois) [Jiyva's grace]
  8948 | D:12     | Noticed a green ugly thing
  8952 | D:12     | Killed a green ugly thing
  8960 | D:12     | Noticed a boulder beetle
  8973 | D:12     | Killed a boulder beetle
  8974 | D:12     | Reached skill level 10 in Long Blades
  8996 | D:12     | Noticed a purple ugly thing
  9075 | D:12     | Noticed Psyche
  9076 | D:12     | Killed a purple ugly thing
  9079 | D:12     | Killed Psyche
  9284 | D:12     | Reached skill level 11 in Long Blades
  9324 | D:13     | Killed a great orb of eyes
  9340 | D:13     | Killed a cyclops
  9352 | D:13     | Noticed a cyclops
  9354 | D:13     | Noticed a red ugly thing
  9363 | D:13     | Killed a cyclops
  9363 | D:13     | Killed a red ugly thing
  9364 | D:13     | Reached XP level 12. HP: 47/60 MP: 17/26
  9371 | D:13     | Noticed a centaur warrior
  9376 | D:13     | Killed a centaur warrior
  9377 | D:13     | Reached skill level 12 in Long Blades
  9379 | D:13     | Noticed a centaur warrior
  9395 | D:13     | Killed a centaur warrior
  9422 | D:13     | Noticed a centaur warrior
  9422 | D:13     | Noticed a death knight
  9423 | D:13     | Noticed a centaur warrior
  9423 | D:13     | Noticed a centaur warrior
  9432 | D:13     | Killed a centaur warrior
  9436 | D:13     | Noticed a four-headed hydra
  9631 | D:13     | Noticed an eight-headed hydra
  9711 | Lair:1   | Entered Level 1 of the Lair of Beasts
  9715 | Lair:1   | Reached skill level 13 in Long Blades
  9757 | Lair:1   | Reached skill level 14 in Long Blades
  9782 | Lair:1   | Noticed Urug
  9792 | Lair:1   | Mangled by Urug

Illustrated notes

Levels and vault maps discovered:
D:1:      dpeg_arrival_line_fractal, layout_basic,
          shapermc_ecumenical_altar_totnotflames
D:2:      layout_basic, serial_aquarium, aquarium_bridge_square
          [aquarium_subvault_bridge, aquarium_subvault_window,
          aquarium_subvault_bridge, aquarium_subvault_wall],
          aquarium_window_fake, aquarium_window_3, aquarium_view_2d,
          aquarium_pool_split, basic_altar
D:3:      layout_basic, nemelex_dance_club_becter, hangedman_decor_peaks_small,
          minmay_stone_trees_medium, uniq_terence
D:4:      layout_rooms, mainiacjoe_overflow_surrounded_room,
          mainiacjoe_overflow_catwalk_spiral, minmay_temple_entry_proselytizer,
          serial_shops, shop, uniq_ijyb, uniq_robin, uniq_blork_the_orc,
          uniq_edmund
D:5:      cheibrodos_helix_gallery, layout_layer_cave,
          pdpol_wu_jian_five_deadly_venoms, gup_sewer_entry_pipe, uniq_pikel
D:6:      old_forge, layout_loops_ring
D:7:      layout_rooms, grunt_gozag_statues
D:8:      minmay_recursive_quarters, layout_rooms, doesnt_xom_only_xom,
          tgw_kikubaaqudgha, minmay_lair_entry_lava, enter_bailey_3,
          minmay_misc_feat_tiny
D:9:      lemuel_insect_pit, layout_long_grid, mainiacjoe_overflow_alcove_1,
          orc_0_dummy, grunt_decor_mini_mirrors, minivault_21,
          roderic_cross_of_infinity
D:10:     layout_loops_cross, minmay_misc_feat_alley,
          chequers_serial_rivers_small_b
D:11:     layout_loops_cross
D:12:     layout_basic, uniq_psyche
D:13:     nzn_winding_woodlands_large [nzn_winding_woodlands_5x5_perimeter,
          nzn_winding_woodlands_5x15_parted, nzn_winding_woodlands_5x5_three,
          nzn_winding_woodlands_center_garden,
          nzn_winding_woodlands_15x15_killbox,
          nzn_winding_woodlands_center_lodge, nzn_winding_woodlands_5x5_cross,
          nzn_winding_woodlands_5x15_sidewinder,
          nzn_winding_woodlands_5x5_checkerboard], layout_basic,
          ximxim_vaults_locker_room
Lair:1:   layout_cave_pods, uniq_urug

Skill      XL: |  1  2  3  4  5  6  7  8  9 10 11 12 |
---------------+-------------------------------------+-----
Long Blades    | 2 3 5 6 7 11 14 | 14.1
Dodging        | 4 7 8 |  8.7
Fighting       | 5 |  5.3
Spellcasting   | 9 |  9.1
Throwing       | |  0.8
Armour         | |  0.7
Translocations | |  3.0

Action                     |  1- 3 |  4- 6 |  7- 9 | 10-12 || total
---------------------------+-------+-------+-------+-------++-------
  Melee: Falchion          |   106 |   196 |       |     1 ||   303
         Bite              |    27 |    63 |    17 |    95 ||   202
         Punch             |       |     4 |     3 |     2 ||     9
         Great sword       |       |     5 |     8 |       ||    13
         Double sword      |       |       |    92 |   174 ||   266
         Headbutt          |       |       |       |    47 ||    47
         Long sword        |       |       |       |    82 ||    82
  Throw: Dart              |       |     1 |       |     1 ||     2
   Cast: Blink             |       |     2 |     1 |       ||     3
         Vhi's Electric Ch |       |       |     1 |    13 ||    14
  Evoke: Wand              |       |       |       |     1 ||     1
    Use: Scroll            |       |     3 |     8 |     5 ||    16
   Stab: Sleeping          |       |     2 |     2 |     1 ||     5
         Distracted        |       |       |       |     1 ||     1
         Confused          |       |       |       |     2 ||     2
 Armour: Leather armour    |    22 |    42 |    18 |       ||    82
         Steam dragon scal |       |       |    13 |    37 ||    50
  Dodge: Dodged            |    62 |    94 |   112 |   199 ||   467
  Block: Other             |       |       |       |    30 ||    30
         Reflection        |       |       |       |     5 ||     5

Table legend: (Time is in decaauts)
 A = Elapsed time spent in this place.
 B = Non-inter-level travel time spent in this place.
 C = Inter-level travel time spent in this place.
 D = Time resting spent in this place.
 E = Time spent auto-exploring this place.
 F = Levels seen in this place.
 G = Mean time per level.
                   A        B        C        D        E       F      G
               +--------+--------+--------+--------+--------+-----+--------+
         Total |   9868 |   9333 |    535 |   1089 |   5924 |  16 |  616.8 |
       Dungeon |   8371 |   7836 |    535 |    377 |   5610 |  13 |  643.9 |
          Lair |     73 |     73 |      0 |      0 |     30 |   1 |   73.0 |
         Sewer |    476 |    476 |      0 |    112 |    165 |   1 |  476.0 |
        Bailey |    946 |    946 |      0 |    600 |    119 |   1 |  946.0 |
               +--------+--------+--------+--------+--------+-----+--------+

Top non-repeatable levels by time:
     D:6: 1172 daAuts
     D:2: 1066 daAuts
  Bailey: 946 daAuts
     D:9: 848 daAuts
     D:8: 786 daAuts
     D:1: 753 daAuts
    D:10: 730 daAuts
    D:12: 657 daAuts
     D:3: 597 daAuts
    D:11: 577 daAuts
     D:7: 519 daAuts
     D:5: 515 daAuts
   Sewer: 476 daAuts
    D:13: 142 daAuts
  Lair:1: 73 daAuts
